Cogmind - Beta 11.1 *** ADVENTURER MODE // 2022.10.16 @ 19:31:19 Player: yub Result: Destroyed by C-40 Crusher with Compactor Performance ------------- Evolutions (3) 1500 Regions Visited (5) 1000 Robots Destroyed (57) 285 Value Destroyed (1246) 1246 Prototype IDs (3) 60 Alien Tech Used (0) 0 Bonus (33) 33 TOTAL SCORE: 4124 Bonus ------- High Alert Combat Kills 33 Cogmind --------- Core Integrity 0/700 Matter 227/300 Energy 20/100 System Corruption 5% Temperature Cool (0) Movement Core (50) Location -7/Waste Parts ------- > --- POWER (1) -------- (None) > --- PROPULSION (4) --- (None) > --- UTILITY (6) ------ (None) > --- WEAPON (2) ------- (None) > --- INVENTORY (5) ---- Light Nuclear Core Hacking Suite Peak State ------------ > --- POWER ------------ Light Nuclear Core > --- PROPULSION ------- Aerolev Unit Xenon Bombardment Thruster Xenon Bombardment Thruster Xenon Bombardment Thruster > --- UTILITY ---------- Small Storage Unit Visual Processing Unit Improved Sensor Array Improved Signal Interpreter Targeting Computer Melee Analysis Suite > --- WEAPON ----------- Cooled Pulse Rifle Katana > --- INVENTORY -------- Light Deuterium Engine Aerolev Unit Aerolev Unit Launcher Guidance Computer Recoil Stabilizer Hacking Suite Light Assault Rifle Mini Grenade Launcher [Rating: 42] Favorites ----------- Power Light Nuclear Core Engine Improved Ion Engine Power Core Light Nuclear Core Propulsion Xenon Bombardment Thruster Leg Aluminum Leg Hover Unit Airjet Flight Unit Xenon Bombardment Thruster Utility Small Storage Unit Device Sensor Array Storage Small Storage Unit Processor Targeting Computer Weapon Small Laser Energy Gun Small Laser Ballistic Gun Light Assault Rifle Launcher Mini Grenade Launcher Slashing Weapon Katana Build | -11 -10 -9 -8 -7 -7 ------- Run | Scr Mat Mat Mat Fac Was Slots Evolved 6 | . . 2 2 2 . Power . | . . . . . . Propulsion 2 | . . . 1 1 . Utility 4 | . . 2 1 1 . Weapon . | . . . . . . Parts Attached 49 | 6 4 7 18 7 7 Power 5 | 1 1 1 1 . 1 Engine 2 | 1 1 . . . . Core 3 | . . 1 1 . 1 Reactor . | . . . . . . Propulsion 21 | 2 2 2 8 3 4 Treads . | . . . . . . Leg 4 | 2 2 . . . . Wheel . | . . . . . . Hover 9 | . . 2 4 1 2 Flight 8 | . . . 4 2 2 Utility 9 | 1 1 2 2 2 1 Device 2 | . . 1 1 . . Storage 1 | 1 . . . . . Processor 6 | . 1 1 1 2 1 Hackware . | . . . . . . Protection . | . . . . . . Artifact . | . . . . . . Weapon 14 | 2 . 2 7 2 1 Energy Gun 6 | 1 . 1 3 1 . Energy Cannon . | . . . . . . Ballistic Gun 3 | 1 . . 1 1 . Ballistic Cannon . | . . . . . . Launcher 4 | . . . 3 . 1 Special Weapon . | . . . . . . Impact Weapon . | . . . . . . Slashing Weapon 1 | . . 1 . . . Piercing Weapon . | . . . . . . Special Melee Weapon . | . . . . . . Unidentified Prototypes 3 | . . . 2 1 . Parts Lost 15 | . . 2 3 . 10 Power 3 | . . 1 1 . 1 Propulsion 6 | . . . 1 . 5 Utility 2 | . . . . . 2 Weapon 4 | . . 1 1 . 2 Highest Loss Streak 10 | . . 2 2 . 10 To Critical Strikes . | . . . . . . Average Slot Usage (%) 95 | . 88 98 98 100 78 Engine 4 | . 14 4 . . . Core 5 | . . 6 9 7 3 Leg 11 | . 28 14 . . . Hover 4 | . . 7 8 4 . Flight 9 | . . . 18 25 24 Device 6 | . . 11 9 7 5 Storage 10 | . 14 11 9 7 5 Processor 19 | . 3 20 26 30 25 Energy Gun 8 | . 14 10 7 . . Ballistic Gun 6 | . 14 4 . 4 4 Slashing Weapon 5 | . . 6 9 7 5 Naked Turns 11 | . . . . . 11 Heaviest Build 17 | 12 14 15 17 17 17 Greatest Support 24 | 20 20 20 24 24 24 Greatest Overweight (x) 1 | . 1 . . . . Average Overweight (x) . | . . . . . . Largest Inventory Capacity 8 | 8 8 8 8 8 8 Average Capacity 7 | 7 8 8 8 8 7 Most Carried 8 | 5 5 7 8 8 8 Average Carried 5 | 1 2 5 6 7 7 Final Capacity 8 | 8 8 8 8 8 5 Final Carried 8 | 2 4 5 7 8 2 Class Distribution -------------------- 52% | Mutant 24% | Scavenger-Mutant 21% | Scavenger-Scout Dominant Class ---------------- Mutant | -10/Materials Mutant | -9/Materials Scavenger-Mutant | -8/Materials Scavenger-Scout | -7/Factory Scavenger-Assassin | -7/Waste Resources | -11 -10 -9 -8 -7 -7 ----------- Run | Scr Mat Mat Mat Fac Was Matter Collected 788 | 209 136 84 177 182 . Remotely . | . . . . . . Salvage Created 1779 | . 388 584 610 197 . Parts 143 | . 19 54 51 19 . Haulers Intercepted 1 | . . . 1 . . Recyclers Shooed 2 | . 1 1 . . . Parts Field Recycled . | . . . . . . Retrieved Matter . | . . . . . . Parts Self-Destructed . | . . . . . . Prevented . | . . . . . . Kills | -11 -10 -9 -8 -7 -7 ------- Run | Scr Mat Mat Mat Fac Was Combat Hostiles Destroyed 32 | . 7 14 10 1 . Melee 18 | . . 8 9 1 . Guns 13 | . 7 6 . . . AOE 1 | . . . 1 . . Classes Destroyed 11 | . 4 5 1 1 . Worker 5 | . . 1 2 2 . Builder 6 | . 1 1 3 1 . Hauler 1 | . . . 1 . . Recycler 4 | . 1 1 1 1 . Operator 3 | . . 1 1 1 . Watcher 6 | . 1 3 2 . . Swarmer 10 | . . 7 3 . . Grunt 14 | . 7 4 3 . . Duelist 1 | . . 1 . . . Sentry 6 | . . 2 4 . . Hunter 1 | . . . . 1 . Best Kill Streak 7 | . 3 7 4 2 . Combat Bots Only 4 | . 3 4 3 1 . Max Kills in Single Turn 2 | . 1 2 1 1 . Gunslinging 1 | . . 1 . . . Exploded 1 | . . . 1 . . Melee 1 | . . 1 1 1 . Uniques/NPCs Destroyed . | . . . . . . Combat | -11 -10 -9 -8 -7 -7 -------- Run | Scr Mat Mat Mat Fac Was Damage Taken 2028 | . 373 374 463 25 793 Core 1139 | . 138 122 165 . 714 Absorbed by Shields . | . . . . . . Core Remaining (%) 70 | 100 44 69 70 . . Volleys Fired 88 | . 47 29 10 2 . Largest 2 | . 2 2 1 1 . Hottest 80 | . 60 60 80 60 . Shots Fired 158 | . 94 52 10 2 . Gun 149 | . 94 52 1 2 . Cannon . | . . . . . . Launcher 9 | . . . 9 . . Special . | . . . . . . Kinetic 72 | . 47 24 . 1 . Thermal 77 | . 47 28 1 1 . Explosive 9 | . . . 9 . . Electromagnetic . | . . . . . . Robot Hit Streak 34 | . 32 34 18 4 . Robot Miss Streak 2 | . 2 1 1 . . Penetration Max . | . . . . . . Secondary Targets 2 | . 1 1 . . . Max Gunslinging Chain 1 | . 1 1 . . . Shots Hit Robots 191 | . 78 59 44 10 . Core Hits 77 | . 24 27 21 5 . Critical Kills . | . . . . . . Critical Parts Destroyed 1 | . 1 . . . . Critical Strikes 3 | . 1 1 1 . . Destroy 1 | . 1 . . . . Sever 2 | . . 1 1 . . Melee Attacks 61 | . . 17 35 9 . Impact . | . . . . . . Slashing 61 | . . 17 35 9 . Piercing . | . . . . . . Sneak Attacks 17 | . . 3 8 6 . Combat Hostiles 1 | . . . 1 . . Follow-up Attacks . | . . . . . . Damage Inflicted 4127 | . 766 1054 1708 599 . Guns 1235 | . 766 399 32 38 . Cannons . | . . . . . . Explosions 221 | . . . 221 . . Melee 2671 | . . 655 1455 561 . Ramming . | . . . . . . Kinetic 435 | . 304 131 . . . Thermal 800 | . 462 268 32 38 . Explosive 221 | . . . 221 . . Electromagnetic . | . . . . . . Impact . | . . . . . . Slashing 2671 | . . 655 1455 561 . Piercing . | . . . . . . Highest Corruption 5 | . . . . . 5 Average Corruption 5 | . . . . . 5 Corruption Purged . | . . . . . . Corruption Blocked . | . . . . . . Effects 1 | . . . . . 1 Matter Fused 1 | . . . . . 1 Overload Shots 1 | . . . . 1 . Overflow Damage 423 | . . 131 195 97 . Projectiles . | . . . . . . Explosions . | . . . . . . Melee 423 | . . 131 195 97 . Knockbacks . | . . . . . . Impact . | . . . . . . Kinetic . | . . . . . . Secondary . | . . . . . . Self-Inflicted Damage 14 | . . . 14 . . Shots 1 | . . . 1 . . Rammed . | . . . . . . Targets Rammed 1 | . 1 . . . . Kicked 1 | . 1 . . . . Crushed . | . . . . . . Highest Temperature 179 | . 179 44 47 21 . Average Temperature 47 | . 62 15 14 11 . Received Heat Transfer 573 | . 303 72 198 . . Siege Activations . | . . . . . . Robots Corrupted . | . . . . . . Combat Hostiles . | . . . . . . Parts Fried . | . . . . . . Impact Corruptions . | . . . . . . Robots Melted . | . . . . . . Combat Hostiles . | . . . . . . Parts Melted . | . . . . . . Heat Transferred 1800 | . 1050 625 75 50 . Parts Sabotaged . | . . . . . . Parts Stolen . | . . . . . . Parts Stripped . | . . . . . . Power Chain Reactions . | . . . . . . Missiles Intercepted . | . . . . . . Alert | -11 -10 -9 -8 -7 -7 ------- Run | Scr Mat Mat Mat Fac Was Peak Influence 537 | . 117 321 537 309 135 Initial 209 | . . 30 108 209 90 Average 172 | . 40 161 311 278 98 Maximum Alert Level 2 | . . 1 2 1 . Low Security (%) 58 | 100 100 68 21 . 100 Level 1 35 | . . 31 46 100 . Level 2 6 | . . . 31 . . Level 3 . | . . . . . . Level 4 . | . . . . . . Level 5 . | . . . . . . High Security . | . . . . . . Max Security . | . . . . . . Squads Dispatched 7 | . 1 3 . 3 . Investigation 5 | . 1 2 . 2 . Extermination . | . . . . . . Reinforcement 2 | . . 1 . 1 . Assault . | . . . . . . Garrison . | . . . . . . Intercept . | . . . . . . Searches Triggered . | . . . . . . Construction Impeded . | . . . . . . Haulers Reinforced . | . . . . . . Active Scanning Responses . | . . . . . . Cargo Convoy Interrupts . | . . . . . . Stealth | -11 -10 -9 -8 -7 -7 --------- Run | Scr Mat Mat Mat Fac Was Distress Signals 2 | . 1 . 1 . . Communications Jammed . | . . . . . . Distress Signals . | . . . . . . Times Spotted 58 | . 14 22 14 2 6 Peak Tracking Total 6 | . 4 5 4 1 6 Tactical Retreats 2 | . 1 1 . . . Traps | -11 -10 -9 -8 -7 -7 ------- Run | Scr Mat Mat Mat Fac Was Traps Triggered 4 | . 1 1 . 2 . Indirectly . | . . . . . . Trap Hack Attempts . | . . . . . . Triggered . | . . . . . . Disarmed . | . . . . . . Reprogrammed . | . . . . . . Reused . | . . . . . . Traps Extracted . | . . . . . . Installed . | . . . . . . Triggered . | . . . . . . Machines | -11 -10 -9 -8 -7 -7 ---------- Run | Scr Mat Mat Mat Fac Was Machines Disabled 1 | . . . 1 . . Max in Single Turn 1 | . . . 1 . . Garrison Access 1 | . . . 1 . . Machines Sabotaged . | . . . . . . Garrisons Compromised . | . . . . . . Overloaded Fab Kills . | . . . . . . Hacking | -11 -10 -9 -8 -7 -7 --------- Run | Scr Mat Mat Mat Fac Was Machines Accessed 13 | . 3 3 4 3 . Terminals 9 | . 1 3 3 2 . Fabricators 1 | . . . . 1 . Repair Stations . | . . . . . . Recycling Units 2 | . 2 . . . . Scanalyzers . | . . . . . . Garrison Access 1 | . . . 1 . . Total Hacks 26 | . 3 5 13 5 . Successful 11 | . 3 2 4 2 . Failed 15 | . . 3 9 3 . Catastrophic 2 | . . 1 . 1 . Database Lockouts . | . . . . . . Manual 4 | . 1 1 2 . . Terminals 17 | . 1 5 8 3 . Fabricators 2 | . . . . 2 . Repair Stations . | . . . . . . Recycling Units 2 | . 2 . . . . Scanalyzers . | . . . . . . Garrison Access 5 | . . . 5 . . Terminal Hacks 7 | . 1 2 3 1 . Open DSF 1 | . . . . 1 . Investigation Status 1 | . . . 1 . . Zone Layout 5 | . 1 2 2 . . Fabricator Hacks 1 | . . . . 1 . Network Status 1 | . . . . 1 . Repair Station Hacks . | . . . . . . Recycling Unit Hacks 2 | . 2 . . . . Retrieve Components 2 | . 2 . . . . Scanalyzer . | . . . . . . Garrison Access Hacks 1 | . . . 1 . . Seal Access 1 | . . . 1 . . Unauthorized Hacks . | . . . . . . Terminals . | . . . . . . Fabricators . | . . . . . . Repair Stations . | . . . . . . Recycling Units . | . . . . . . Scanalyzers . | . . . . . . Garrison Access . | . . . . . . Data Cores Recovered 1 | . . . 1 . . Used . | . . . . . . Hacking Detections 7 | . . 2 3 2 . Full Trace Events 2 | . . 1 . 1 . Feedback Events . | . . . . . . Feedback Blocked . | . . . . . . Robot Schematics Acquired . | . . . . . . Robots Built . | . . . . . . Authchips . | . . . . . . Time . | . . . . . . Total Robot Build Rating . | . . . . . . Part Schematics Acquired . | . . . . . . Parts Built . | . . . . . . Authchips . | . . . . . . Time . | . . . . . . Total Part Build Rating . | . . . . . . Parts Repaired . | . . . . . . Time . | . . . . . . Parts Recycled . | . . . . . . Recycled Matter . | . . . . . . Retrieved Matter . | . . . . . . Retrieved Components 5 | . 5 . . . . Parts Scanalyzed . | . . . . . . Part Schematics Acquired . | . . . . . . Parts Damaged . | . . . . . . Bothacking | -11 -10 -9 -8 -7 -7 ------------ Run | Scr Mat Mat Mat Fac Was Used RIF Installer . | . . . . . . Robots Hacked . | . . . . . . Non-combat . | . . . . . . Combat . | . . . . . . Robot Hacks Applied . | . . . . . . Relay Couplers Released . | . . . . . . Fabnet Peak Effective % . | . . . . . . Robots Rewired . | . . . . . . Allies Hacked . | . . . . . . Hacks Repelled . | . . . . . . Allies | -11 -10 -9 -8 -7 -7 -------- Run | Scr Mat Mat Mat Fac Was Total Allies . | . . . . . . Largest Group . | . . . . . . Highest-Rated Group . | . . . . . . Highest-Rated Ally . | . . . . . . Total Orders . | . . . . . . Ally Attacks . | . . . . . . Total Damage . | . . . . . . Kills . | . . . . . . Allies Corrupted . | . . . . . . Allies Melted . | . . . . . . Intel | -11 -10 -9 -8 -7 -7 ------- Run | Scr Mat Mat Mat Fac Was Robot Analysis Total . | . . . . . . Derelict Logs Recovered . | . . . . . . Drone Launches . | . . . . . . Drone Recoveries . | . . . . . . Exploration | -11 -10 -9 -8 -7 -7 ------------- Run | Scr Mat Mat Mat Fac Was Turns Passed 1911 | 58 454 626 377 298 98 Spaces Moved 1934 | 42 226 380 382 758 146 Core 12 | 11 . . . . 1 Treads . | . . . . . . Legs 487 | 31 226 230 . . . Wheels . | . . . . . . Hover 223 | . . 150 70 . 3 Flight 1212 | . . . 312 758 142 Fastest Speed 31 | 50 120 56 34 31 31 Average Speed 57 | 101 120 94 36 32 31 Slowest Speed 190 | 120 190 120 52 34 50 Overloaded Moves . | . . . . . . Propulsion Burnouts . | . . . . . . Robots Hopped 1 | . . . 1 . . Cave-ins Triggered . | . . . . . . Exploration Rate (%) 32 | 3 30 31 32 29 69 Regions Visited 5 Branch Regions . Pre-discovered Areas . | . . . . . . Known Exits Taken . | . . . . . . Unknown Exits Taken 4 | 1 1 1 1 . . Scrap Searched . | . . . . . . Spaces Dug . | . . . . . . Terrain Destroyed 54 | . . . 54 . . Melee . | . . . . . . Projectile . | . . . . . . AOE 54 | . . . 54 . . Terrain Rammed . | . . . . . . Walls Destroyed . | . . . . . . Machines Disabled . | . . . . . . Actions | -11 -10 -9 -8 -7 -7 --------- Run | Scr Mat Mat Mat Fac Was Total 2499 | 57 325 574 555 791 197 Wait 288 | 2 35 123 81 5 42 Move 1928 | 41 225 379 379 758 146 Hop 1 | . . . 1 . . Pick Up 53 | 8 8 12 18 5 2 Fast Attach 4 | . . . . 2 2 Attach 28 | 6 2 4 9 2 5 Detach 2 | . . . 2 . . Swap 17 | . 2 3 9 3 . Drop 28 | . 5 7 11 5 . Fire 88 | . 47 29 10 2 . Melee 61 | . . 17 35 9 . Ram . | . . . . . . Kick 1 | . 1 . . . . Crush . | . . . . . . Escape Stasis . | . . . . . . Rewire . | . . . . . . Trap . | . . . . . . Miscellaneous . | . . . . . . Route ------- -11/Scrapyard -10/Materials -9/Materials -8/Materials -7/Factory -7/Waste History --------- Turn | Location | Event 10 | -11/Scrapyard | Discovered new exit (range 14) 59 | -11/Scrapyard | Entered Materials 316 | -10/Materials | Build established: Mutant 440 | -10/Materials | Discovered new exit (range 9) 482 | -10/Materials | Core integrity fell below 50% 513 | -10/Materials | Entered another Materials area 513 | -9/Materials | Evolved 2 slots: Utility x2 1125 | -9/Materials | Discovered new exit (range 13) 1139 | -9/Materials | Entered another Materials area 1139 | -8/Materials | Evolved 2 slots: Propulsion x1, Utility x1 1428 | -8/Materials | Build established: Scavenger-Mutant 1497 | -8/Materials | Discovered new exit (range 10) 1516 | -8/Materials | Entered Factory 1516 | -7/Factory | Evolved 2 slots: Propulsion x1, Utility x1 1753 | -7/Factory | Build established: Scavenger-Scout 1814 | -7/Factory | Manually triggered Chute Trap 1814 | -7/Factory | Sucked down chute 1814 | -7/Factory | Entered Waste 1825 | -7/Waste | Spotted C-40 Crusher 1828 | -7/Waste | Spotted C-40 Crusher 1829 | -7/Waste | EMP discharged 1829 | -7/Waste | Spotted C-40 Crusher 1832 | -7/Waste | Spotted C-40 Crusher 1857 | -7/Waste | Spotted C-40 Crusher 1862 | -7/Waste | Crushed by Compactor (1 part destroyed, 2 dropped) 1871 | -7/Waste | Spotted C-40 Crusher 1889 | -7/Waste | Crushed by Compactor (1 part destroyed, 1 dropped) 1892 | -7/Waste | Crushed by Compactor (1 part destroyed, 1 dropped) 1895 | -7/Waste | Crushed by Compactor (1 part destroyed, 1 dropped) 1895 | -7/Waste | Crushed by Compactor (1 part destroyed, 2 dropped) 1898 | -7/Waste | Crushed by Compactor (1 part destroyed, 1 dropped) 1900 | -7/Waste | Crushed by Compactor (1 part destroyed, 1 dropped) 1905 | -7/Waste | Core integrity fell below 50% 1910 | -7/Waste | Core integrity fell below 20% 1910 | -7/Waste | Crushed by Compactor (1 part destroyed) 1912 | -7/Waste | Crushed by Compactor (1 part destroyed, 1 dropped) 1912 | -7/Waste | Destroyed by C-40 Crusher with Compactor Last Messages --------------- 01890_ Acquired Lgt. Nuclear Core. 01892_ Xenon Bombardment Thruster crushed. 01895_ Sml. Storage Unit crushed. 01895_ Imp. Sensor Array crushed. 01895_ Xenon Bombardment Thruster destroyed. 01895_ Shield Generator crushed. 01895_ Xenon Bombardment Thruster crushed. 01895_ Imp. Signal Interpreter crushed. 01895_ Katana crushed. 01898_ Acquired Lgt. Nuclear Core. 01898_ Katana crushed. 01898_ Aerolev Unit crushed. 01898_ Imp. Melee Analysis Suite crushed. 01900_ Visual Processing Unit crushed. 01900_ Targeting Computer crushed. 01900_ Recoil Stabilizer crushed. 01904_ Imp. Sensor Array crushed. 01910_ Mni. Grenade Launcher crushed. 01912_ Aerolev Unit crushed. 01912_ Launcher Guidance Computer crushed. Map ----- +----------------------------------------------------+ | ?????????????????????????????????????????????????? | | ?????????????????????????????????????????????????? | | ?????????????????????????????????????????????????? | | ?????????????????????????????????????????????????? | | ?????????????????????????????????????????????????? | | ?????????????????????????????????????????????????? | | ?????????????????????????????????????????????????? | | ?????????????????????????????????????????????????? | | ?????????????????????????????????????????????????? | | ?????????????????????????????????????????????????? | | ?????????????????????????????????????????????????? | | ?????????????????????????????????????????????????? | | ?????????????????????????????????????????????????? | | ?????????##########??##########??????????????????? | | ?????????# #??# #??????????????????? | | ?????????# #??# #??????????????????? | | ?????????# #??# #??????????????????? | | ?????????# #??# #??????????????????? | | ?????????# #??# #??????????????????? | | ?????????# #??# #??????????????????? | | ?????????# #??? #??????????????????? | | ?????????# #???? ] ???????????????????? | | ?????????### ###????# #????????????????????? | | ???????????# #??????#CC #????????????????????? | | ???????????# #??????#CCCC#????????????????????? | | ???????????# #??????# @CC#????????????????????? | | ???????????# ########CCCC###??????????????????? | | ???????# = CCCC #??????????????????? | | ???????# CC #??????????????????? | | ???????# CC #??????????????????? | | #??????# CC #??????????????????? | | ! #??????#] ######## CC ###??????????????????? | | #??????# #??????# #????????????????????? | | #??????# #??????# #????????????????????? | | #??????# #??????# #????????????????????? | | #??????# #??????# #????????????????????? | | #??????# #??????# ????????????????????? | | #??????# #??????# ???????????????????? | | #??????# #??????# ??????????????????? | | #??????# #??????# ?????????????????? | | #??????# #??????# #### ????????????????? | | #??????# #??????# #??? ???????????????? | | #??????# #??????# #????????????????????? | | #??????# #??????? #????????????????????? | | ######## #??????? #????????????????????? | | ! #??????? ?????????????????????? | | #????????????????????????????????? | | #????????????????????????????????? | | #????????????????????????????????? | | ######## #????????????????????????????????? | +----------------------------------------------------+ Best States ------------- Heat Dissipation 34 Energy Generation 14 Energy Capacity 265 Matter Stores 300 Matter Capacity 300 Sight Range 18 Robot Scan Range 15 Terrain Scan Density 10 Resistance: KI 20 Resistance: TH 20 Resistance: EX 20 Resistance: EM 20 Resistance: I 20 Resistance: S 20 Resistance: P 20 Evasion (%) 63 Targeting Accuracy 5 Melee Accuracy 6 Offensive Hacking 10 Item Schematics ----------------- None Robot Schematics ------------------ None Fabricated ------------ Nothing Alien Tech Used ----------------- None Achievements -------------- Wheee! Challenges ------------ None Game ------ Seed GrenadeSmartbombMaul Manual? 0 Play Time 00:36:54 Cumulative 54.0 hours Start 2022.10.16 @ 18:55:25 End 2022.10.16 @ 19:31:19 Sessions 1 Manual Loads 0 Difficulty Adventurer Special Mode None Game No. 65 Rogue 17 Adventurer 48 Explorer 0 Win Type - Total 0 Types 0/0/0/0/0/0/0/0/0 Lore% 27 Gallery% 48 Achievement% 41 Wizard Run 0 Options --------- ASCII 0 Keyboard 0 Movement Mouse Keybinds 0 Fullscreen 1 Font 24/Proggy Map View 76x50 Tactical HUD 1 Map Filters NONE Filters NONE Steam 1 RUN: 263a84d8-be23-49da-8e75-7a316b99cf8a